 Dungeon Crawl Stone Soup version 0.31-a0-841-g038b102fc3 (webtiles) character file.

Game seed: 15481645006473804898

96390 mcwallace the Unseen (level 15, -20/94 HPs)
             Began as a Vampire Gladiator on Sept 27, 2023.
             Was the Champion of Dithmenos.
             Shot with an arrow by Vashnia (38 damage)
             ... on level 2 of the Snake Pit.
             The game lasted 01:20:45 (20119 turns).

mcwallace the Unseen (Vampire Gladiator)           Turns: 20119, Time: 01:20:45

Health: -20/94     AC: 25    Str: 16    XL:     15   Next: 69%
Magic:  27/27      EV: 21    Int: 12    God:    Dithmenos [******]
Gold:   1267       SH: 13    Dex: 23    Spells: 23/30 levels left

rFire   + + .        i - +10 rapier of Vocw {heavy, rF+ rN+ Str+3 Dex-5, short}
rCold   + + .        a - +1 kite shield {rF+}
rNeg    + + +        E - +5 ring mail "Saarrocu" {Will+ Slay+3}
rPois   ∞            Z - +1 helmet {SInv}
rElec   .            W - scarf {shadows}
rCorr   .            D - +2 pair of gloves
SInv    +            H - +2 pair of boots {rampage}
Will    ++...        V - amulet of regeneration {@e2} Stlth ******++++
                     n - +6 ring of dexterity
HPRegen 0.00/turn    f - +4 ring of protection
MPRegen 0.20/turn

%: rampage
@: mighty, bloodless, inhibited regen, wreathed by umbra, studying Dodging
A: bloodless, fangs 3, see invisible, vampiric 2
a: Bat Form, Revivify, Renounce Religion, Shadow Step, Shadow Form


You were on level 2 of the Snake Pit.
You worshipped Dithmenos.
Dithmenos was exalted by your worship.
You visited 5 branches of the dungeon, and saw 20 of its levels.
You visited 1 bazaar.

You collected 2260 gold pieces.
You spent 993 gold pieces at shops.


Innate Abilities, Weirdness & Mutations

You do not regenerate when monsters are visible.
You are frail without blood (-20% HP).
You can heal yourself when you bite living creatures.
You are immune to poison.
You have razor-sharp teeth.
You have supernaturally acute eyesight. (SInv)
You are afflicted with vampirism and can become a bat while bloodless.


   Skills:
 + Level 11.1 Fighting
 + Level 13.3 Short Blades
 - Level 1.9 Throwing
 - Level 8.9 Armour
 + Level 15.6 Dodging
 + Level 17.5 Stealth
 + Level 6.6 Shields
 + Level 8.0 Spellcasting
 + Level 9.9 Hexes


You had 23 spell levels left.
You knew the following spells:

 Your Spells              Type           Power      Damage    Failure   Level
a - Tukima's Dance        Hex            28%        N/A       3%          3
b - Cause Fear            Hex            14%        N/A       11%         4

Your spell library contained the following spells:

 Spells                   Type           Power      Damage    Failure   Level
 Dazzling Flash           Conj/Hex       32%        N/A       24%         3
 Shock                    Conj/Air       16%        1d4       52%         1
 Swiftness                Air            4%         N/A       88%         3
 Volatile Blastmotes      Fire/Tloc      8%         2d10      88%         3
 Silence                  Hex/Air        8%         N/A       92%         5
 Yara's Violent Unravell  Hex/Tmut       8%         3d5       92%         5
 Airstrike                Air            2%         2d(1-17)  99%         4
 Flame Wave               Conj/Fire      4%         2d5       99%         4
 Olgreb's Toxic Radiance  Pois           4%         N/A       99%         4
 Passage of Golubria      Tloc           4%         N/A       99%         4
 Agony                    Necr           4%         N/A       100%        5
 Borgnjor's Vile Clutch   Necr/Erth      2%         N/A       100%        5
 Fireball                 Conj/Fire      2%         3d4       100%        5
 Simulacrum               Ice/Necr       2%         N/A       100%        6
 Starburst                Conj/Fire      2%         6d3       100%        6
 Discord                  Hex            14%        N/A       100%        8
 Ignition                 Fire           2%         3d3       100%        8
 Maxwell's Capacitive Co  Air            2%         ∞         100%        8
 Dragon's Call            Summ           2%         N/A       100%        9

Inventory:

Hand Weapons
 i - the +10 rapier of Vocw (weapon) {heavy, rF+ rN+ Str+3 Dex-5, short}
   (You acquired it on level 3 of the Lair of Beasts)

   Str+3:     It affects your strength (+3).
   Dex-5:     It affects your dexterity (-5).
   rF+:       It protects you from fire.
   rN+:       It protects you from negative energy.
 s - a +3 eveningstar {macerare=g}
   (You took it off Urug on level 4 of the Lair of Beasts)
Missiles
 d - a throwing net (quivered) {=f!fthrowing}
 e - 7 javelins {throwing}
 v - 30 poisoned darts {throwing}
Armour
 a - a +1 kite shield of fire resistance (worn)
   (You took it off a naga warrior on level 3 of the Snake Pit)
 b - a +1 cloak
   (You bought it in a shop on level 2 of the Orcish Mines)
 D - a +2 pair of gloves (worn)
   (You bought it in a shop on level 2 of the Orcish Mines)
 E - the +5 ring mail "Saarrocu" (worn) {Will+ Slay+3}
   (You found it on level 7 of the Dungeon)

   Slay+3:    It affects your accuracy & damage with ranged weapons and melee
   (+3).
   Will+:     It increases your willpower.
 H - a +2 pair of boots of rampaging (worn)
   (You bought it in a shop on level 2 of the Orcish Mines)
 K - a +2 kite shield
   (You took it off Donald on level 1 of the Snake Pit)
 W - a scarf of shadows (worn)
   (You bought it in a shop in a bazaar)
 X - a +5 crystal plate armour of ponderousness {rare=g}
   (You found it on level 5 of the Lair of Beasts)
 Z - a +1 helmet of see invisible (worn)
   (You found it on level 5 of the Lair of Beasts)
Jewellery
 f - a +4 ring of protection (right hand)
   (You found it on level 3 of the Lair of Beasts)
 n - a +6 ring of dexterity (left hand)
   (You found it on level 1 of the Dungeon)
 r - a ring of flight
   (You found it on level 4 of the Lair of Beasts)
 u - a +6 ring of strength
   (You found it on level 2 of the Dungeon)
 Q - an amulet of magic regeneration {@e2}
   (You found it on level 9 of the Dungeon)
 V - an amulet of regeneration (around neck) {@e2}
   (You found it on level 4 of the Lair of Beasts)
Wands
 C - a wand of roots (23)
   (You found it on level 5 of the Dungeon)
 M - a wand of digging (5)
   (You found it on level 9 of the Dungeon)
 P - a wand of mindburst (26)
   (You found it on level 7 of the Dungeon)
 S - a wand of light (7)
   (You found it on level 7 of the Dungeon)
 T - a wand of polymorph (2)
   (You found it on level 9 of the Dungeon)
 Y - a wand of charming (16)
   (You took it off a hobgoblin on level 6 of the Dungeon)
Scrolls
 h - 3 scrolls of enchant armour
 k - 3 scrolls of enchant weapon
 m - 9 scrolls of teleportation {@r4}
 p - 2 scrolls of immolation {!r!r}
 q - a scroll of identify {@r1}
 t - 2 scrolls of revelation
 y - a scroll of blinking {!r}
 z - 2 scrolls of fear
 B - 3 scrolls of amnesia
 F - 5 scrolls of noise {!r}
 O - 3 scrolls of vulnerability {!r!r}
 R - 2 scrolls of fog
 U - 2 scrolls of poison {!r}
Potions
 c - 2 potions of brilliance
 g - 3 potions of cancellation
 j - 5 potions of enlightenment
 l - 2 potions of attraction {!q}
 o - 9 potions of curing {@q1}
 w - a potion of invisibility
 x - 2 potions of heal wounds {@q2}
 A - 2 potions of ambrosia
 G - 2 potions of haste {@q3}
 I - a potion of magic
 J - 7 potions of lignification {!q}
 N - a potion of mutation {!q}

Dungeon Overview and Level Annotations

Branches:
Dungeon (9/15) Zot: 25915  Temple (1/1) D:6 Zot: 5976    Lair (5/5) D:8 Zot: 23053
 Shoals (0/4) Lair:2        Snake (3/4) Lair:2 Zot: 15650   Slime (0/5) Lair:5
    Orc (2/2) D:9 Zot: 9614     Elf (0/3) Orc:2

Altars:
Ashenzari
Cheibriados
Dithmenos
Fedhas
Gozag
Hepliaklqana
Kikubaaqudgha
Makhleb
Nemelex Xobeh
Okawaru
Qazlal
Ru
Sif Muna
Uskayaw
Vehumet
Wu Jian
Xom
Yredelemnul
Jiyva

Shops:
Orc:2 =[!=*[

Portals:
Pandemonium: Orc:2

Annotations:
D:3 3 runed translucent doors, beavisfan's ghost, weakling DsSh
D:6 2 transporters, Kurtz's ghost, novice OpFi
Snake:2 Vashnia

.........###......##.
..........##..........
...........##..........
...........#...........
...(.......#............
............##...........
...........##............
.......N.§.##............
#....§§@§###............
#..§§§§.§#.............
#...§§§................
#.##.....###...........
..##.##....####...........
.......#...#.###...).....#
..##....#.........#...####
#............[).).#.#
##....#.###.#####..## #


You could see Vashnia (catching breath).


Message History

You regained 2 hp, and now have 70/94 hp. 😕 HP[+1] 😕 HP[+1] 😕 HP[+1] 😕 HP[+1] 😕 HP[+1] 😕 HP[+1] 😕 HP[+2]
You regained 2 hp, and now have 78/94 hp. 😕 HP[+1] 😕 HP[+1] 😕 HP[+1] 😕 HP[+1] 😕 HP[+1] 😕 HP[+2]
You regained 2 hp, and now have 85/94 hp. 😕 HP[+1] 😕 HP[+1]
There is a stone staircase leading up here. 😕 HP[+1] 😕 HP[+1]
There is a stone staircase leading up here. 😕 HP[+1]
You climb upwards.
There is a stone staircase leading down here. 😕 HP[+3]
You regained 3 hp, and now have 93/94 hp.
You start resting. 😎 HP[+1]
Your hp is fully restored (94).
Okay, then.
Okay, then.
You climb downwards.
Level annotation: Vashnia
There is a stone staircase leading up here.
Things that are here:
a +0 trident {polearm}; a +0 shortbow {bow}; a naga corpse
Okay, then.
Throw: 4 throwing nets {=f!fthrowing}
Press: ? - help, Shift-Dir - straight line, f - Vashnia
Aim: Vashnia, wielding a +0 longbow and wearing a +1 barding of cold resistance (lightly wounded, wandering, hasn't noticed you, umbra, 50% to hit)
You throw a throwing net {=f!fthrowing}.
The throwing net {=f!fthrowing} misses Vashnia.
Vashnia shouts!
Your shadow throws a throwing net.
The throwing net closely misses Vashnia.
Throw: 3 throwing nets {=f!fthrowing}
Press: ? - help, Shift-Dir - straight line, f/p - Vashnia
Aim: Vashnia, wielding a +0 longbow and wearing a +1 barding of cold resistance (lightly wounded, umbra, 50% to hit)
You throw a throwing net {=f!fthrowing}.
The throwing net {=f!fthrowing} closely misses Vashnia.
Your shadow throws a throwing net.
The throwing net hits Vashnia.
Vashnia is caught in the net!
Vashnia spits poison at you. The splash of poison misses you.
Throw: 2 throwing nets {=f!fthrowing}
Press: ? - help, Shift-Dir - straight line, f/p - Vashnia
Aim: Vashnia, wielding a +0 longbow and wearing a +1 barding of cold resistance (lightly wounded, umbra, 50% to hit)
You throw a throwing net {=f!fthrowing}.
The throwing net {=f!fthrowing} completely misses Vashnia.
You rampage towards Vashnia!
Vashnia spits poison at you.
The splash of poison hits you but does no damage.
You resist.
You puncture Vashnia! Your shadow hits Vashnia with a rapier.
Vashnia shoots an arrow.
The arrow hits you!! 😕 HP[-21]
You take 21 damage, and now have 73/94 hp.
MASSIVE DAMAGE!! (PAUSE)
You barely miss Vashnia. Your shadow misses Vashnia.
Vashnia shoots an arrow.
The arrow hits you!!
* * * LOW HITPOINT WARNING * * *
You emit a cloud of dark smoke. 😨 HP[-33]
You take 33 damage, and now have 40/94 hp.
MASSIVE DAMAGE!! (PAUSE)
You impale Vashnia!!
Vashnia shoots an arrow.
You block the arrow.
You closely miss Vashnia.
Vashnia shoots an arrow.
You block the arrow.
You impale Vashnia!!
Vashnia shoots an arrow.
The arrow hits you.
* * * LOW HITPOINT WARNING * * *
😨 HP[-3]
You take 3 damage, and now have 37/94 hp.
You miss Vashnia. Your bite misses Vashnia. Vashnia spits poison at you.
The splash of poison hits you but does no damage.
You resist.
You barely miss Vashnia. Your bite misses Vashnia.
Your shadow closely misses Vashnia.
You impale Vashnia!!
Vashnia shoots an arrow.
The arrow hits you.
* * * LOW HITPOINT WARNING * * *
😨 HP[-5]
You take 5 damage, and now have 32/94 hp.
You feel very mighty all of a sudden.
Vashnia shoots an arrow.
The arrow hits you!
* * * LOW HITPOINT WARNING * * *
😱 HP[-14]
You take 14 damage, and now have 18/94 hp.
You miss Vashnia.
Vashnia shoots an arrow.
The arrow hits you!!!
You die...
Vashnia says, "All clear.
Let's check for more."

Skill      XL: |  1  2  3  4  5  6  7  8  9 10 11 12 13 14 15 |
---------------+----------------------------------------------+-----
Stealth        | 1 2 3 4 5 6 7 9 11 12 14 15 16 17 | 17.5
Fighting       | 2 3 4 5 6 7 8 9 10 11 | 11.1
Short Blades   | 4 5 6 7 8 9 10 11 12 13 | 13.3
Dodging        | 4 5 6 7 8 9 11 13 14 15 | 15.6
Shields        | 1 2 3 4 5 6 |  6.6
Armour         | 1 2 4 5 6 7 8 |  8.9
Spellcasting   | 2 4 6 7 8 |  8.0
Hexes          | 1 5 8 9 |  9.9
Throwing       | |  1.9

Action                     |  1- 3 |  4- 6 |  7- 9 | 10-12 | 13-15 || total
---------------------------+-------+-------+-------+-------+-------++-------
  Melee: Rapier            |    72 |       |       |   111 |  1092 ||  1275
         Bite              |     8 |     6 |    66 |   118 |   155 ||   353
         Dagger            |    31 |   102 |   348 |   533 |       ||  1014
  Throw: Javelin           |       |     1 |       |     1 |     5 ||     7
         Dart              |       |       |       |    13 |       ||    13
         Throwing net      |       |       |       |     1 |     5 ||     6
Ability: End Transformatio |       |       |     1 |     1 |     1 ||     3
         Bat Form          |       |       |     1 |     1 |     1 ||     3
         Exsanguinate      |       |       |     1 |       |       ||     1
         Revivify          |       |       |       |       |     1 ||     1
    Use: Potion            |       |       |     2 |       |     1 ||     3
         Scroll            |       |       |    13 |     8 |    13 ||    34
   Stab: Sleeping          |     5 |     6 |    25 |    28 |    73 ||   137
         Distracted        |     1 |     1 |     4 |     4 |     3 ||    13
         Held in net/web   |       |       |       |       |     1 ||     1
 Armour: Leather armour    |    50 |    40 |    23 |       |       ||   113
         Ring mail         |       |       |   107 |   184 |   503 ||   794
  Dodge: Dodged            |    54 |    66 |   202 |   329 |   894 ||  1545
  Block: Buckler           |     7 |    15 |    96 |   138 |   280 ||   536
         Kite shield       |       |       |       |       |   146 ||   146

Levels and vault maps discovered:
D:1:      mushboom_english_gardens, layout_loops_cross,
          dreamdust_ecumenical_altar_angels_and_demons,
          nicolae_twisty_statue_hallways
D:2:      layout_basic, basic_altar
D:3:      layout_rooms, gammafunk_ghost_split
D:4:      layout_rooms, lemuel_crystal_altar, nzn_wu_jian_contemplation,
          kennysheep_generic_room_9
D:5:      layout_loops_ring, regret_index_temple_of_mockery,
          dreamdust_divine_triumvirate, nemelex_dance_club_becter
D:6:      kennysheep_housing_project, layout_rooms,
          chequers_temple_overflow_statue_of_worship,
          minmay_temple_entry_statues_fountains, gammafunk_ghost_arena
D:7:      layout_basic, serial_glass, glass_columns_a, glass_columns_c,
          grunt_ministairs_5, minmay_between
D:8:      layout_basic, general_overflow_altar, david_lair_shrubbed
D:9:      layout_basic, mainiacjoe_overflow_catwalk, lightli_temple_of_fire,
          zombieorc2_lemuel, minmay_misc_feat_nine_boxes, hangedman_decor_push
Temple:   hellmonk_temple_two_chambers
Lair:1:   dreamdust_cave_troll, layout_chaotic_city, serial_bayou_shore_a
Lair:2:   layout_misc_corridors, minmay_shoals_entry_lonely_mermaid,
          minmay_snake_entry_guardpost_medium, gauntlet_entry_generic,
          chequers_serial_rivers_room_b, dreamdust_wasp_nest
Lair:3:   layout_cave_pods, grunt_megastairs_1, serial_bayou_shore_b
Lair:4:   layout_gridlike, grunt_megastairs_3, uniq_snorg, uniq_urug
Lair:5:   hangedman_lair_caniforms_friends, layout_gridlike,
          minmay_slime_entry_oklob_enclosed, dreamdust_deal_with_the_devil
Snake:1:  layout_basic, nicolae_integral_box, uniq_donald
Snake:2:  layout_chambers, serial_shops, bzr_entry_gold, grunt_megastairs_2,
          uniq_asterion, uniq_aizul, uniq_vashnia
Snake:3:  layout_grid_maze, nicolae_snake_lava_pool
Orc:1:    layout_diamond_mine, basic_altar
Orc:2:    pf_orc_diabolical, layout_caves, serial_shops, shop,
          nicolae_shop_hallway_stairs, guppyfry_library_mini

Notes
Turn   | Place    | Note
-------+----------+-------------------------------------------
     0 | D:1      | mcwallace the Vampire Gladiator began the quest for the
                  | Orb.
     0 | D:1      | Reached XP level 1. HP: 16/16 MP: 1/1
     0 | D:1      | magus.rc [v1.9.6]
    43 | D:1      | Reached skill level 1 in Stealth
   102 | D:1      | Reached XP level 2. HP: 20/22 MP: 2/2
   107 | D:1      | Reached skill level 2 in Fighting
   119 | D:1      | You pick up a book of Air and begin reading...
   119 | D:1      | You add the spells Shock, Swiftness and Airstrike to your
                  | library.
   275 | D:1      | Found a faded altar of an unknown god.
   321 | D:1      | Gained mutation: You are afflicted with vampirism and can
                  | become a bat while bloodless. [Vampire growth]
   321 | D:1      | Reached XP level 3. HP: 24/27 MP: 3/3
   858 | D:2      | Found a shimmering altar of Xom.
   946 | D:2      | You pick up a book of Spectacle and begin reading...
   946 | D:2      | You add the spells Volatile Blastmotes, Dazzling Flash,
                  | Starburst and Maxwell's Capacitive Coupling to your
                  | library.
   994 | D:2      | Reached skill level 2 in Stealth
  1322 | D:3      | Reached XP level 4. HP: 30/34 MP: 4/4
  1364 | D:3      | Found a runed translucent gate.
  1364 | D:3      | Found a runed translucent gate.
  1364 | D:3      | Found a runed translucent gate.
  1364 | D:3      | Noticed beavisfan's ghost (weakling DsSh)
  1438 | D:3      | You add the spells Flame Wave, Agony, Borgnjor's Vile
                  | Clutch and Simulacrum to your library.
  1438 | D:3      | Got a fusty book
  1565 | D:3      | Noticed an ogre
  1574 | D:3      | Killed an ogre
  1575 | D:3      | Reached skill level 4 in Short Blades
  1575 | D:3      | Reached skill level 4 in Dodging
  1575 | D:3      | Reached skill level 3 in Stealth
  1575 | D:3      | Reached skill level 1 in Shields
  1575 | D:3      | Reached XP level 5. HP: 23/39 MP: 5/5
  1783 | D:4      | Reached skill level 3 in Fighting
  1819 | D:4      | Noticed an ogre
  1828 | D:4      | Reached skill level 4 in Stealth
  1828 | D:4      | Reached XP level 6. HP: 32/47 MP: 6/6
  1858 | D:4      | Reached skill level 2 in Shields
  2145 | D:4      | You add the spells Olgreb's Toxic Radiance, Ignition and
                  | Discord to your library.
  2181 | D:4      | Found an iron altar of Okawaru.
  2289 | D:4      | Found an ornate altar of the Wu Jian Council.
  2376 | D:4      | Identified the +3 ring mail of Henotheism {rN+ Dex+4}
  2530 | D:5      | Entered Level 5 of the Dungeon
  2602 | D:5      | Reached skill level 5 in Stealth
  2602 | D:5      | Reached XP level 7. HP: 46/52 MP: 7/7
  2648 | D:5      | Reached skill level 5 in Dodging
  2659 | D:5      | Reached skill level 5 in Short Blades
  2843 | D:5      | HP: 12/53 [gnoll/+0 spear[a gnoll bouda] (3)]
  2849 | D:5      | Reached skill level 1 in Armour
  2994 | D:5      | Found a sparkling altar of Nemelex Xobeh.
  3303 | D:5      | Reached skill level 3 in Shields
  3399 | D:5      | Found a hazy altar of Hepliaklqana.
  3400 | D:5      | Found a shimmering altar of Xom.
  3400 | D:5      | Noticed a tyrant leech
  3401 | D:5      | Noticed a spectral ugly thing
  3401 | D:5      | Noticed a tyrant leech
  3503 | D:6      | Reached skill level 4 in Fighting
  3503 | D:6      | Reached skill level 6 in Stealth
  3503 | D:6      | Reached XP level 8. HP: 47/60 MP: 8/8
  3536 | D:6      | Noticed Kurtz's ghost (novice OpFi)
  3537 | D:6      | Found a transporter.
  3660 | D:6      | Found a staircase to the Ecumenical Temple.
  3676 | D:6      | Reached skill level 2 in Armour
  3683 | Temple   | Entered the Ecumenical Temple
  3693 | Temple   | Became a worshipper of Dithmenos the Shadowed
  3748 | D:6      | Found a transporter.
  3832 | D:6      | Found a sacrificial altar of Ru.
  3833 | D:6      | Found an opulent altar of Gozag.
  3964 | D:6      | Reached skill level 6 in Short Blades
  3964 | D:6      | Reached skill level 6 in Dodging
  4065 | D:6      | Reached skill level 7 in Stealth
  4086 | D:6      | HP: 12/48 [hobgoblin (1)]
  4092 | D:6      | HP: 7/48 [gnoll/+0 halberd (5)]
  4097 | D:6      | HP: 2/48 [gnoll/+0 halberd (5)]
  4437 | D:6      | Reached * piety under Dithmenos
  4478 | D:6      | Reached skill level 4 in Shields
  4624 | D:6      | Reached XP level 9. HP: 53/53 MP: 9/9
  4886 | D:7      | Reached skill level 3 in Armour
  5122 | D:7      | Reached skill level 5 in Fighting
  5132 | D:7      | Reached skill level 8 in Stealth
  5289 | D:7      | Reached skill level 7 in Dodging
  5390 | D:7      | Identified the +5 ring mail "Saarrocu" {Will+ Slay+3}
  5469 | D:7      | Reached skill level 7 in Short Blades
  6140 | D:8      | Found a staircase to the Lair.
  6143 | D:8      | Noticed a komodo dragon
  6172 | D:8      | HP: 12/54 [komodo dragon (12)]
  6174 | D:8      | Killed a komodo dragon
  6175 | D:8      | Reached skill level 9 in Stealth
  6387 | D:8      | Reached ** piety under Dithmenos
  6388 | D:8      | Reached skill level 5 in Shields
  6409 | D:8      | Reached skill level 4 in Armour
  6488 | D:8      | Found an ancient bone altar of Kikubaaqudgha.
  6512 | D:8      | You pick up a book of the Dragon and begin reading...
  6512 | D:8      | You add the spells Cause Fear, Fireball and Dragon's Call
                  | to your library.
  6702 | D:8      | Reached XP level 10. HP: 55/60 MP: 10/10
  6839 | Lair:1   | Entered Level 1 of the Lair of Beasts
  6925 | Lair:1   | Reached skill level 6 in Fighting
  7045 | Lair:1   | Reached skill level 8 in Dodging
  7113 | Lair:1   | Reached skill level 8 in Short Blades
  7113 | Lair:1   | Reached skill level 10 in Stealth
  7280 | Lair:1   | Noticed an elephant
  7467 | Lair:1   | HP: 10/61 [komodo dragon (12)]
  7653 | Lair:1   | HP: 5/61 [komodo dragon (26)]
  7943 | Lair:1   | Noticed an elephant
  7947 | Lair:1   | Noticed an elephant
  7947 | Lair:1   | Noticed an elephant
  7961 | Lair:1   | Reached skill level 5 in Armour
  7977 | Lair:1   | Killed an elephant
  7983 | Lair:1   | Killed an elephant
  7983 | Lair:1   | Killed an elephant
  7993 | Lair:1   | Killed an elephant
  7994 | Lair:1   | Reached skill level 11 in Stealth
  7994 | Lair:1   | Reached XP level 11. HP: 53/66 MP: 11/11
  8390 | Lair:2   | Reached skill level 7 in Fighting
  8442 | Lair:2   | Reached skill level 9 in Dodging
  8450 | Lair:2   | Reached *** piety under Dithmenos
  8464 | Lair:2   | Reached skill level 9 in Short Blades
  8538 | Lair:2   | Found a staircase to the Snake Pit.
  8643 | Lair:2   | Reached skill level 1 in Spellcasting
  8658 | Lair:2   | Reached skill level 12 in Stealth
  8674 | Lair:2   | Reached skill level 6 in Armour
  8739 | Lair:2   | HP: 13/67 [cane toad (7)]
  9012 | Lair:2   | Reached skill level 2 in Spellcasting
  9081 | Lair:2   | HP: 17/68 [naga/+0 battleaxe (24)]
  9459 | Lair:2   | Found a staircase to the Shoals.
  9513 | Lair:2   | Reached XP level 12. HP: 73/73 MP: 14/16
  9824 | Lair:3   | Reached skill level 8 in Fighting
  9878 | Lair:3   | Reached skill level 10 in Dodging
  9887 | Lair:3   | Reached skill level 10 in Short Blades
  9887 | Lair:3   | Reached skill level 3 in Spellcasting
 10083 | Lair:3   | Reached **** piety under Dithmenos
 10084 | Lair:3   | Reached skill level 13 in Stealth
 10093 | Lair:3   | Identified 2 scrolls of acquirement
 10104 | Lair:3   | Acquired the +10 rapier of Vocw {heavy, rF+ rN+ Str+3
                  | Dex-5}
 10166 | Lair:3   | Acquired a manual of Dodging
 10800 | Lair:4   | Noticed Snorg
 10814 | Lair:4   | Killed Snorg
 10872 | Lair:4   | Noticed Urug
 10886 | Lair:4   | Killed Urug
 10887 | Lair:4   | Reached skill level 7 in Armour
 10887 | Lair:4   | Reached skill level 4 in Spellcasting
 10888 | Lair:4   | s - a +3 eveningstar {macerare=g}
 10973 | Lair:4   | Reached skill level 11 in Dodging
 11058 | Lair:4   | You add the spells Tukima's Dance, Passage of Golubria and
                  | Yara's Violent Unravelling to your library.
 11311 | Lair:4   | Reached skill level 14 in Stealth
 11756 | Lair:5   | Entered Level 5 of the Lair of Beasts
 11809 | Lair:5   | Reached skill level 1 in Hexes
 11873 | Lair:5   | Reached XP level 13. HP: 80/80 MP: 20/20
 11916 | Lair:5   | Reached skill level 9 in Fighting
 11988 | Lair:5   | Reached skill level 11 in Short Blades
 11997 | Lair:5   | Reached skill level 2 in Hexes
 12088 | Lair:5   | Reached ***** piety under Dithmenos
 12144 | Lair:5   | Reached skill level 5 in Spellcasting
 12146 | Lair:5   | Reached skill level 12 in Dodging
 12352 | Lair:5   | Identified a +5 crystal plate armour of ponderousness
 12360 | Lair:5   | Reached skill level 3 in Hexes
 12449 | Lair:5   | HP: 16/80 [yak (5)]
 12463 | Lair:5   | HP: 5/80 [yak (11)]
 12700 | Lair:5   | X - a +5 crystal plate armour of ponderousness {rare=g}
 12743 | Lair:5   | Reached skill level 4 in Hexes
 12969 | Lair:5   | Found a viscous altar of Jiyva.
 13097 | Lair:5   | Reached skill level 15 in Stealth
 13272 | Lair:5   | Identified the +1 chain mail "Haniych" {+Inv rPois Will-
                  | MP+9}
 13292 | Lair:5   | Reached skill level 8 in Armour
 13292 | Lair:5   | Reached skill level 5 in Hexes
 13413 | Lair:5   | You drop a +5 crystal plate armour of ponderousness
                  | {rare=g}.
 13419 | Lair:5   | X - a +5 crystal plate armour of ponderousness {rare=g}
 13534 | Lair:5   | Reached skill level 13 in Dodging
 13986 | Lair:5   | Found a staircase to the Slime Pits.
 13995 | Lair:5   | Reached skill level 6 in Spellcasting
 14313 | D:9      | Found a staircase to the Orcish Mines.
 14356 | D:9      | Reached ****** piety under Dithmenos
 14376 | D:9      | Reached XP level 14. HP: 87/87 MP: 23/23
 14449 | D:9      | Reached skill level 6 in Hexes
 14534 | D:9      | You drop a +5 crystal plate armour of ponderousness
                  | {rare=g}.
 14536 | D:9      | X - a +5 crystal plate armour of ponderousness {rare=g}
 14785 | D:9      | Found a shimmering blue altar of Sif Muna.
 14935 | D:9      | Found a burning altar of Makhleb.
 15082 | Orc:1    | Entered Level 1 of the Orcish Mines
 15291 | Orc:1    | Reached skill level 12 in Short Blades
 15305 | Orc:1    | Found a radiant altar of Vehumet.
 15525 | Orc:2    | Entered Level 2 of the Orcish Mines
 15548 | Orc:2    | Found Ellup's Antique Armour Shop.
 15645 | Orc:2    | Found Mycwemuck's Jewellery Emporium.
 15768 | Orc:2    | Found a staircase to the Elven Halls.
 15970 | Orc:2    | You pick up a book of the Senses and begin reading...
 16104 | Orc:2    | Found Leuggiy's General Store.
 16289 | Orc:2    | Found Toomisi's Distillery.
 16307 | Orc:2    | Reached skill level 10 in Fighting
 16449 | Orc:2    | Reached skill level 7 in Hexes
 16506 | Orc:2    | Reached skill level 16 in Stealth
 16689 | Orc:2    | HP: 20/88 [demonspawn (4)]
 16689 | Orc:2    | HP: 7/88 [smoke demon/divine providence[an orc high priest]
                  | (13)]
 16690 | Orc:2    | Reached skill level 14 in Dodging
 16722 | Orc:2    | HP: 5/88 [orc high priest/divine providence (11)]
 16994 | Orc:2    | Found Luqer's Antique Armour Boutique.
 16994 | Orc:2    | Found Ympiq's Jewellery Shop.
 16994 | Orc:2    | Found a one-way gate leading to the halls of Pandemonium.
 17314 | Orc:2    | Learned a level 3 spell: Tukima's Dance
 17408 | Orc:2    | Bought a pair of embroidered gloves for 187 gold pieces
 17468 | Orc:2    | Bought a pair of embroidered boots for 195 gold pieces
 17479 | Orc:2    | Bought a cloak for 117 gold pieces
 17653 | Snake:1  | Entered Level 1 of the Snake Pit
 17653 | Snake:1  | Noticed Donald
 17656 | Snake:1  | Killed Donald
 17662 | Snake:1  | Reached skill level 7 in Spellcasting
 17851 | Snake:1  | Reached skill level 8 in Hexes
 18475 | Snake:2  | Found a flickering gateway to a bazaar.
 18484 | Bazaar   | Entered a bazaar
 18489 | Bazaar   | Found Veicuuz's Distillery.
 18504 | Bazaar   | Found Sobrahof's Antique Armour Shop.
 18509 | Bazaar   | Found Pub Lune's Weapon Shoppe.
 18512 | Bazaar   | Found Vust's Antique Weapon Shoppe.
 18520 | Bazaar   | Found Vinestor's Magic Scroll Boutique.
 18529 | Bazaar   | Bought a scroll of identify for 24 gold pieces
 18529 | Bazaar   | Bought a scroll of identify for 24 gold pieces
 18529 | Bazaar   | Bought a scroll of identify for 24 gold pieces
 18529 | Bazaar   | Bought a scroll of identify for 24 gold pieces
 18544 | Bazaar   | Bought an embroidered scarf for 128 gold pieces
 18567 | Bazaar   | Bought a scroll of enchant weapon for 90 gold pieces
 18567 | Bazaar   | Bought a scroll of enchant armour for 90 gold pieces
 18567 | Bazaar   | Bought a scroll of enchant armour for 90 gold pieces
 18572 | Bazaar   | Learned a level 4 spell: Cause Fear
 18656 | Snake:2  | Noticed Aizul
 18659 | Snake:2  | Killed Aizul
 18776 | Snake:2  | Reached XP level 15. HP: 93/93 MP: 25/25
 19064 | Snake:2  | You fall into a shaft and drop 1 floor!
 19076 | Snake:3  | Reached skill level 6 in Shields
 19152 | Snake:3  | Reached skill level 9 in Hexes
 19159 | Snake:3  | Reached skill level 17 in Stealth
 19165 | Snake:3  | Reached skill level 15 in Dodging
 19177 | Snake:3  | You drop a +3 eveningstar {macerare=g}.
 19189 | Snake:3  | s - a +3 eveningstar {macerare=g}
 19228 | Snake:3  | Reached skill level 13 in Short Blades
 19644 | Snake:3  | Reached skill level 11 in Fighting
 19792 | Snake:3  | Reached skill level 8 in Spellcasting
 20024 | Snake:2  | Noticed Vashnia
 20118 | Snake:2  | HP: 18/94 [Vashnia/arrow (14)]
 20119 | Snake:2  | Shot with an arrow by Vashnia

Vanquished Creatures
  Donald (Snake:1)
  Aizul (Snake:2)
  Snorg (Lair:4)
  3 hydras (Lair:5)
  5 anacondas
  3 demonspawn (Orc:2)
  6 naga warriors
  5 shock serpents
  8 naga sharpshooters
  Urug (Lair:4)
  6 orc high priests (Orc:2)
  3 skysharks (Lair:5)
  A salamander mystic (Snake:3)
  2 naga ritualists
  A lindwurm (Lair:5)
  6 orc knights
  6 orc sorcerers
  3 oklob plants (Lair:5)
  6 mana vipers
  14 salamanders
  A merfolk siren (Lair:2)
  8 naga magi
  A rust devil (Orc:2)
  22 black mambas
  15 elephants
  An orange demon (Orc:2)
  10 cane toads
  A torpor snail (Lair:5)
  8 komodo dragons
  3 rime drakes
  2 trolls
  8 hornets
  11 polar bears
  4 raiju (Lair:5)
  8 blink frogs (Lair:3)
  11 dream sheep
  2 shadows (D:9)
  46 yaks
  2 basilisks (Lair:2)
  7 wyverns
  A chaos spawn (Orc:2)
  17 nagas
  5 wargs
  A two-headed ogre zombie (D:9)
  13 hell hounds (Lair:5)
  10 water moccasins
  3 sky beasts (D:7)
  32 orc warriors
  15 black bears
  13 ogres
  19 wolves
  3 centaurs
  2 phantoms (D:9)
  10 bullfrogs
  3 kobold brigands
  2 gnoll sergeants
  3 scorpions
  A troll zombie (D:9)
  4 killer bees (D:8)
  6 electric eels (D:9)
  6 howler monkeys
  18 orc priests
  7 hounds
  2 gnoll boudas
  3 jellies
  2 sleepcaps (D:6)
  7 iguanas
  17 orc wizards
  6 ogre zombies (D:9)
  10 gnolls
  6 adders
  A shadow imp (D:6)
  3 ufetubi (D:6)
  A worm (D:3)
  3 dart slugs
  60 orcs
  8 ball pythons
  3 bats
  7 endoplasms
  2 giant cockroaches (D:1)
  7 goblins
  15 hobgoblins
  8 jackals
  6 quokkas
  2 goblin skeletons (D:9)
  3 goblin zombies (D:9)
  3 hobgoblin skeletons (D:9)
  3 hobgoblin zombies (D:9)
  27 kobolds
  2 orc skeletons (D:9)
  12 orc zombies (D:9)
  5 rats
681 creatures vanquished.

Vanquished Creatures (collateral kills)
  3 elephants (Lair:1)
3 creatures vanquished.

Vanquished Creatures (others)
  An orc high priest (Orc:2)
1 creature vanquished.

Grand Total: 685 creatures vanquished

Table legend:
 A = Non-vault XP
 B = Vault XP
 C = Vault XP percentage of total XP
 D = Non-vault monster count
 E = Vault monster count
 F = Vault count percentage of total count
                 A         B        C        D         E       F
            +---------+---------+-------+---------+---------+-------
      Total |   85141 |   52559 |  38.2 |     435 |     250 |  36.5
            +---------+---------+-------+---------+---------+-------
        D:1 |      52 |       0 |   0.0 |      29 |       0 |   0.0
        D:2 |      17 |       0 |   0.0 |      10 |       0 |   0.0
        D:3 |     188 |       0 |   0.0 |      19 |       0 |   0.0
        D:4 |     458 |       3 |   0.7 |      20 |       2 |   9.1
        D:5 |     454 |     127 |  21.9 |      18 |       2 |  10.0
        D:6 |     764 |     872 |  53.3 |      22 |      29 |  56.9
        D:7 |     395 |    1158 |  74.6 |       5 |       8 |  61.5
        D:8 |     839 |     367 |  30.4 |      23 |       1 |   4.2
        D:9 |    5092 |     825 |  13.9 |      44 |      36 |  45.0
     Lair:1 |    5868 |       0 |   0.0 |      23 |       0 |   0.0
     Lair:2 |    7526 |    3237 |  30.1 |      32 |      13 |  28.9
     Lair:3 |    4994 |     185 |   3.6 |      17 |       2 |  10.5
     Lair:4 |    6573 |    2022 |  23.5 |      22 |       4 |  15.4
     Lair:5 |   14233 |   12051 |  45.8 |      35 |      59 |  62.8
    Snake:1 |    7737 |    1400 |  15.3 |      18 |       1 |   5.3
    Snake:2 |    6970 |    8642 |  55.4 |      13 |      12 |  48.0
    Snake:3 |   18750 |    5080 |  21.3 |      33 |      10 |  23.3
      Orc:1 |    2115 |     407 |  16.1 |      22 |       3 |  12.0
      Orc:2 |    2116 |   16183 |  88.4 |      30 |      68 |  69.4
            +---------+---------+-------+---------+---------+-------

Skill      XL: |  1  2  3  4  5  6  7  8  9 10 11 12 13 14 15 |
---------------+----------------------------------------------+-----
Stealth        | 1 2 3 4 5 6 7 9 11 12 14 15 16 17 | 17.5
Fighting       | 2 3 4 5 6 7 8 9 10 11 | 11.1
Short Blades   | 4 5 6 7 8 9 10 11 12 13 | 13.3
Dodging        | 4 5 6 7 8 9 11 13 14 15 | 15.6
Shields        | 1 2 3 4 5 6 |  6.6
Armour         | 1 2 4 5 6 7 8 |  8.9
Spellcasting   | 2 4 6 7 8 |  8.0
Hexes          | 1 5 8 9 |  9.9
Throwing       | |  1.9

Action                     |  1- 3 |  4- 6 |  7- 9 | 10-12 | 13-15 || total
---------------------------+-------+-------+-------+-------+-------++-------
  Melee: Rapier            |    72 |       |       |   111 |  1092 ||  1275
         Bite              |     8 |     6 |    66 |   118 |   155 ||   353
         Dagger            |    31 |   102 |   348 |   533 |       ||  1014
  Throw: Javelin           |       |     1 |       |     1 |     5 ||     7
         Dart              |       |       |       |    13 |       ||    13
         Throwing net      |       |       |       |     1 |     5 ||     6
Ability: End Transformatio |       |       |     1 |     1 |     1 ||     3
         Bat Form          |       |       |     1 |     1 |     1 ||     3
         Exsanguinate      |       |       |     1 |       |       ||     1
         Revivify          |       |       |       |       |     1 ||     1
    Use: Potion            |       |       |     2 |       |     1 ||     3
         Scroll            |       |       |    13 |     8 |    13 ||    34
   Stab: Sleeping          |     5 |     6 |    25 |    28 |    73 ||   137
         Distracted        |     1 |     1 |     4 |     4 |     3 ||    13
         Held in net/web   |       |       |       |       |     1 ||     1
 Armour: Leather armour    |    50 |    40 |    23 |       |       ||   113
         Ring mail         |       |       |   107 |   184 |   503 ||   794
  Dodge: Dodged            |    54 |    66 |   202 |   329 |   894 ||  1545
  Block: Buckler           |     7 |    15 |    96 |   138 |   280 ||   536
         Kite shield       |       |       |       |       |   146 ||   146

Illustrated notes

Table legend:
 A = Kills in this place as a percentage of kills in the entire game.
 B = Kills by you in this place as a percentage of kills by you in the entire game.
 C = Kills by friends in this place as a percentage of kills by friends in the entire game.
 D = Other kills in this place as a percentage of other kills in the entire game.
 E = Experience gained in this place as a percentage of experience gained in the entire game.
 F = Experience gained in this place divided by the number of levels of this place that you have seen.
                   A       B       C       D       E      F
               +-------+-------+-------+-------+-------+----------------------
         Total | 100.0 | 100.0 | 100.0 | 100.0 | 100.0 | 6557.1
       Dungeon |  39.1 |  39.4 |   0.0 |   0.0 |   8.4 | 1290.1
          Lair |  30.2 |  30.0 | 100.0 |   0.0 |  41.2 | 11337.8
     Snake Pit |  12.7 |  12.8 |   0.0 |   0.0 |  35.3 | 16193.0
  Orcish Mines |  18.0 |  17.9 |   0.0 | 100.0 |  15.1 | 10410.5
               +-------+-------+-------+-------+-------+----------------------

Table legend: (Time is in decaauts)
 A = Elapsed time spent in this place.
 B = Non-inter-level travel time spent in this place.
 C = Inter-level travel time spent in this place.
 D = Time resting spent in this place.
 E = Time spent auto-exploring this place.
 F = Levels seen in this place.
 G = Mean time per level.
                   A        B        C        D        E       F      G
               +--------+--------+--------+--------+--------+-----+--------+
         Total |  19769 |  18493 |   1276 |   1353 |  10633 |  21 |  941.4 |
       Dungeon |   7955 |   7503 |    452 |    566 |   5127 |   9 |  883.9 |
        Temple |     23 |      2 |     21 |      0 |      0 |   1 |   23.0 |
          Lair |   6946 |   6410 |    536 |    399 |   3522 |   5 | 1389.2 |
     Snake Pit |   2348 |   2324 |     24 |     71 |   1044 |   3 |  782.7 |
  Orcish Mines |   2385 |   2144 |    241 |    317 |    902 |   2 | 1192.5 |
        Bazaar |    108 |    108 |      0 |      0 |     38 |   1 |  108.0 |
               +--------+--------+--------+--------+--------+-----+--------+

Top non-repeatable levels by time:
  Lair:5: 1917 daAuts
   Orc:2: 1637 daAuts
  Lair:1: 1469 daAuts
     D:7: 1242 daAuts
  Lair:2: 1230 daAuts
  Lair:3: 1169 daAuts
  Lair:4: 1160 daAuts
     D:6: 1130 daAuts
     D:5: 1068 daAuts
     D:9: 1049 daAuts
     D:8: 953 daAuts
 Snake:2: 869 daAuts
 Snake:3: 811 daAuts
     D:1: 771 daAuts
   Orc:1: 748 daAuts
